 Dungeon Crawl Stone Soup version 0.31.0-9-g3a7656b989 (webtiles) character file.

Game seed: 9071092867485957520

35 qw the Shooter (level 3, 0/18 HPs)
             Began as a Spriggan Hunter on Feb 2, 2024.
             Succumbed to an adder's poison
             ... on level 2 of the Dungeon.
             The game lasted 00:00:02 (912 turns).

qw the Shooter (Spriggan Hunter)                     Turns: 912, Time: 00:00:03

Health: 0/18       AC:  2    Str:  7    XL:     3   Next: 16%
Magic:  4/4        EV: 19    Int: 10    God:
Gold:   97         SH:  0    Dex: 20    Spells: 2/2 levels left

rFire   . . .        a - +0 shortbow
rCold   . . .        (shield currently unavailable)
rNeg    . . .        c - +0 robe
rPois   .            (helmet restricted)
rElec   .            (no cloak)
rCorr   .            (gloves unavailable)
SInv    +            (boots unavailable)
Will    .....        (no amulet)
Stlth   ++           (no ring)
HPRegen 0.23/turn    (no ring)
MPRegen 0.09/turn

%: no passive effects
@: lethally poisoned (0 -> -1), very quick
A: very small, no large weapons, unfitting armour, see invisible, speed 3
a: no special abilities


You were on level 2 of the Dungeon.
You visited 1 branch of the dungeon, and saw 2 of its levels.

You collected 97 gold pieces.


Innate Abilities, Weirdness & Mutations

You are very small and have problems with some larger weapons.
You are too small for most types of armour.
You have supernaturally acute eyesight. (SInv)
You cover ground extremely quickly. (Speed+++)


   Skills:
 - Level 1.5 Fighting
 + Level 4.5 Ranged Weapons
 - Level 4.0 Dodging
 - Level 1.5 Stealth


You had 2 spell levels left.
You didn't know any spells.
Your spell library was empty.

Inventory:

Hand Weapons
 a - a +0 shortbow (weapon)
Armour
 c - a +0 robe (worn)
Jewellery
 f - an amulet of faith
 i - a ring of protection from cold
Scrolls
 e - a scroll of identify
Potions
 b - a potion of might {unknown}
 d - a potion of heal wounds {unknown}
 g - a potion of curing
 h - a potion of berserk rage {unknown}
 j - a potion of ambrosia {unknown}

Dungeon Overview and Level Annotations

Branches:
Dungeon (2/15)

Altars:

Annotations:
D:1 1 transporter
D:2 Robin


Message History

You kill the goblin!
The goblin hits you with a +0 club. The adder misses you.
You shoot an arrow. The arrow closely misses the adder.
The arrow barely misses the hobgoblin.
Robin roars a battlecry!
The goblins go into a battle-frenzy!
The goblin barely misses you. The adder completely misses you.
You shoot an arrow.
The arrow hits the adder but does no damage.
The adder is lightly wounded.
The adder completely misses you. The goblin barely misses you.
The adder closely misses you.
You shoot an arrow. The arrow misses the adder.
The arrow closely misses the hobgoblin.
The goblin barely misses you. The adder closely misses you.
The goblin misses you.
You shoot an arrow. The arrow misses the adder.
The arrow hits the hobgoblin but does no damage.
The adder bites you.
You are poisoned.
The adder poisons you! The goblin misses you. The adder closely misses you.
You shoot an arrow.
The arrow hits the adder but does no damage.
The adder is lightly wounded.
You feel sick. The adder completely misses you.
The goblin completely misses you.
You shoot an arrow. The arrow hits the adder.
The adder is moderately wounded.
You feel sick. The adder bites you. The goblin closely misses you.
The adder barely misses you.
You shoot an arrow. The arrow closely misses the adder.
The arrow hits the hobgoblin but does no damage.
You feel sick. The goblin barely misses you. The adder closely misses you.
You shoot an arrow. The arrow hits the adder.
The adder is almost dead.
You feel sick. The adder barely misses you. The goblin barely misses you.
The adder bites you.
You shoot an arrow. The arrow hits the adder.
You kill the adder!
You die...

#### ..# #.#
#.########
...#######........#
...$.gg@<.........#
#..##g)#########..#


#gg #..# #gg #..# #gg ##..# # ... #...# ## .... ######..######. ....
.........?..... ######..######. You could see Robin, 4 hobgoblins and 4 goblins.

Vanquished Creatures
  2 adders (D:2)
  A ribbon worm (D:2)
  3 hobgoblins
  2 jackals (D:1)
  2 quokkas
  2 ball pythons (D:2)
  2 bats
  4 goblins
  2 kobolds (D:1)
  5 rats
25 creatures vanquished.

Notes
Turn   | Place    | Note
-------+----------+-------------------------------------------
     0 | D:1      | qw the Spriggan Hunter began the quest for the Orb.
     0 | D:1      | Reached XP level 1. HP: 10/10 MP: 2/2
     0 | D:1      | 0 ||| qw: Version: 0.3-a-155-g5e7d8dd
     0 | D:1      | 0 ||| qw: Game counter: 327
     0 | D:1      | 0 ||| qw: Melee chars always use a shield: true
     0 | D:1      | 0 ||| qw: God list: Okawaru
     0 | D:1      | 0 ||| qw: Allow faded altars: false
     0 | D:1      | 0 ||| qw: Do Orc after clearing Dungeon:15 true
     0 | D:1      | 0 ||| qw: Do second Lair branch before Depths: true
     0 | D:1      | 0 ||| qw: Lair rune preference: random
     0 | D:1      | 0 ||| qw: Goals: Normal
     0 | D:1      | 0 ||| PLANNING D:1-11
    77 | D:1      | Reached skill level 3 in Dodging
    78 | D:1      | Found a faded altar of an unknown god.
   179 | D:1      | Reached XP level 2. HP: 14/14 MP: 3/3
   492 | D:1      | 492 ||| READING scroll labelled UVUEJA SUCAZO.
   497 | D:1      | 497 ||| READING scroll labelled BIGHER KANIUSK.
   498 | D:1      | 498 ||| READING scroll labelled GUCVUR XUADEUG.
   498 | D:1      | 498 ||| IDENTIFYING inky potion
   499 | D:1      | 499 ||| READING scroll labelled ACUKHL POUFUY.
   600 | D:1      | 600 ||| DROPPING scroll of butterflies.
   895 | D:2      | Reached XP level 3. HP: 18/18 MP: 4/4
   898 | D:2      | Noticed Robin
   909 | D:2      | HP: 4/18 [adder (2)]
   911 | D:2      | HP: 1/18 [adder (2)]
   912 | D:2      | Succumbed to an adder's poison

Levels and vault maps discovered:
D:1:      spicycebolla_arrival_risky_transporter, layout_basic,
          ebering_ecumenical_altar_ruins, serial_forest,
          infiniplex_forest_lined_corner, infiniplex_forest_straight_3,
          infiniplex_forest_lined_1, infiniplex_forest_lined_ring,
          infiniplex_forest_end_1, infiniplex_forest_straight_2,
          infiniplex_forest_straight_5, infiniplex_forest_clump_small,
          dreamdust_wishing_well
D:2:      layout_loops_ring, uniq_robin

Skill      XL: |  1  2 |
---------------+-------+-----
Dodging        | 3 4 |  4.0
Fighting       | |  1.5
Ranged Weapons | |  4.5
Stealth        | |  1.5

Action                     || total
---------------------------++-------
   Fire: Shortbow          ||    72
    Use: Scroll            ||     4
 Armour: Robe              ||    14
  Dodge: Dodged            ||    38

Table legend:
 A = Non-vault XP
 B = Vault XP
 C = Vault XP percentage of total XP
 D = Non-vault monster count
 E = Vault monster count
 F = Vault count percentage of total count
                 A         B        C        D         E       F
            +---------+---------+-------+---------+---------+-------
      Total |      59 |       4 |   6.3 |      23 |       2 |   8.0
            +---------+---------+-------+---------+---------+-------
        D:1 |      16 |       0 |   0.0 |      12 |       0 |   0.0
        D:2 |      43 |       4 |   8.5 |      11 |       2 |  15.4
            +---------+---------+-------+---------+---------+-------
